| TOP OF THE 1ST |
|
St. Louis Cardinals batting - Pitching for Cincinnati Reds : LHP Doug Rau
|
|
Pitching: LHP Doug Rau
|
|
|
Batting: SHB Otis Nixon
|
0-0: Ball 1-0: Foul Ball, location: 2F 1-1: Foul Ball, location: 2F 1-2: SINGLE (Line Drive, 6D, EV 96.3 MPH)
|
|
Batting: LHB Jim Gantner
|
0-0: Called Strike 0-1: Ball 1-1: Ball 2-1: 2-RUN HOME RUN (Flyball, 89XD, EV 88.1 MPH), Distance : 395 ft
|
|
Batting: RHB Sixto Lezcano
|
0-0: Fly out, F8 (Flyball, 8LXD, EV 95.6 MPH)
|
|
Batting: LHB Pat Putnam
|
0-0: Called Strike 0-1: Ball 1-1: Foul Ball, location: 2F 1-2: Ball 2-2: Strikes out swinging
|
|
Batting: RHB Bob Watson
|
0-0: Called Strike 0-1: Foul Ball, location: 2F 0-2: Foul Ball, location: 2F 0-2: Strikes out swinging
|
| Top of the 1st over - 2 runs, 2 hits, 0 errors, 0 left on base; St. Louis 2 - Cincinnati 0 |
| BOTTOM OF THE 1ST |
|
Cincinnati Reds batting - Pitching for St. Louis Cardinals : LHP Steve Carlton
|
|
Pitching: LHP Steve Carlton
|
|
|
Batting: RHB Jim Anderson
|
0-0: Ball 1-0: Ball 2-0: Ball 3-0: Called Strike 3-1: Called Strike 3-2: Foul Ball, location: 2F 3-2: Fly out, F9 (Line Drive, 9D, EV 87.5 MPH)
|
|
Batting: RHB Nick Deurloo
|
0-0: Ground out 6-3 (Groundball, 56D, EV 108.1 MPH)
|
|
Batting: LHB Mike Easler
|
0-0: Foul Ball, location: 2F 0-1: Swinging Strike 0-2: Foul Ball, location: 2F 0-2: Foul Ball, location: 2F 0-2: Ball 1-2: Foul Ball, location: 2F 1-2: Strikes out swinging
|
| Bottom of the 1st over - 0 runs, 0 hits, 0 errors, 0 left on base; St. Louis 2 - Cincinnati 0 |
| TOP OF THE 2ND |
|
St. Louis Cardinals batting - Pitching for Cincinnati Reds : LHP Doug Rau
|
|
Batting: RHB Pascual D'Annunzio
|
0-0: Reached on error, E6 (Groundball, 6, EV 86.3 MPH)
|
|
Batting: RHB Joe Torre
|
0-0: Ball 1-0: Ball 2-0: Bunted foul 2-1: Ball 3-1: Bunted foul 3-2: Base on Balls Pascual D'Annunzio to second
|
|
Batting: SHB Billy E Smith
|
0-0: Ball 1-0: Called Strike 1-1: Ball 2-1: Ball 3-1: Called Strike 3-2: Grounds into double play, 6-4-3 (Groundball, 6D, EV 82.5 MPH) Pascual D'Annunzio to third
|
|
Batting: LHB Steve Carlton
|
0-0: Fly out, F8 (Flyball, 89M, EV 95.0 MPH)
|
| Top of the 2nd over - 0 runs, 0 hits, 1 error, 1 left on base; St. Louis 2 - Cincinnati 0 |
| BOTTOM OF THE 2ND |
|
Cincinnati Reds batting - Pitching for St. Louis Cardinals : LHP Steve Carlton
|
|
Batting: RHB Johnny Bench
|
0-0: SINGLE (Flyball, 34D, EV 80.6 MPH)
|
|
Batting: LHB Darrell Evans
|
0-0: Called Strike 0-1: Swinging Strike 0-2: Ball 1-2: Ball 2-2: Fly out, F4 (Flyball, 34D, EV 76.3 MPH)
|
|
Batting: RHB Gary Matthews
|
0-0: 2-RUN HOME RUN (Flyball, 9D, EV 111.3 MPH), Distance : 393 ft
|
|
Batting: RHB Bill Melton
|
0-0: Fly out, F7 (Line Drive, 7, EV 95.0 MPH)
|
|
Batting: RHB Jesus Alfaro
|
0-0: Ball 1-0: Ground out 4-3 (Groundball, 4, EV 76.3 MPH)
|
| Bottom of the 2nd over - 2 runs, 2 hits, 0 errors, 0 left on base; St. Louis 2 - Cincinnati 2 |
| TOP OF THE 3RD |
|
St. Louis Cardinals batting - Pitching for Cincinnati Reds : LHP Doug Rau
|
|
Batting: SHB Otis Nixon
|
0-0: Ball 1-0: Foul Ball, location: 2F 1-1: Ball 2-1: Called Strike 2-2: Fly out, F8 (Line Drive, 8LD, EV 93.8 MPH)
|
|
Batting: LHB Jim Gantner
|
0-0: Called Strike 0-1: Foul Ball, location: 2F 0-2: Ball 1-2: Foul Ball, location: 2F 1-2: SINGLE (Line Drive, 7S, EV 101.3 MPH)
|
|
Batting: RHB Sixto Lezcano
|
0-0: Ball 1-0: Foul Ball, location: 2F 1-1: Ball 2-1: Swinging Strike 2-2: SINGLE (Popup, 4MD, EV 64.4 MPH) Jim Gantner to second
|
|
Batting: LHB Pat Putnam
|
0-0: Foul Ball, location: 2F 0-1: Ball 1-1: Swinging Strike 1-2: Ball 2-2: Ball 3-2: Fly out, F9 (Flyball, 9LS, EV 93.8 MPH)
|
|
Batting: RHB Bob Watson
|
0-0: Swinging Strike 0-1: Ball 1-1: Ball 2-1: 3-RUN HOME RUN (Flyball, 7D, EV 108.8 MPH), Distance : 386 ft
|
|
Batting: RHB Pascual D'Annunzio
|
0-0: Foul Ball, location: 2F 0-1: SOLO HOME RUN (Flyball, 78XD, EV 105.0 MPH), Distance : 403 ft
|
|
Batting: RHB Joe Torre
|
0-0: Called Strike 0-1: Ball 1-1: Ball 2-1: Ball 3-1: Called Strike 3-2: Foul Ball, location: 2F 3-2: Strikes out looking
|
| Top of the 3rd over - 4 runs, 4 hits, 0 errors, 0 left on base; St. Louis 6 - Cincinnati 2 |
| BOTTOM OF THE 3RD |
|
Cincinnati Reds batting - Pitching for St. Louis Cardinals : LHP Steve Carlton
|
|
Batting: LHB Doug Rau
|
0-0: Called Strike 0-1: Called Strike 0-2: Ball 1-2: Fly out, F7 (Flyball, 78S, EV 96.9 MPH)
|
|
Batting: RHB Jim Anderson
|
0-0: Called Strike 0-1: Ball 1-1: Ball 2-1: Ground out 6-3 (Groundball, 6, EV 105.6 MPH)
|
|
Batting: RHB Nick Deurloo
|
0-0: Ball 1-0: Called Strike 1-1: Ground out U3 (Groundball, 34S, EV 66.3 MPH)
|
| Bottom of the 3rd over - 0 runs, 0 hits, 0 errors, 0 left on base; St. Louis 6 - Cincinnati 2 |
| TOP OF THE 4TH |
|
St. Louis Cardinals batting - Pitching for Cincinnati Reds : LHP Doug Rau
|
|
Batting: SHB Billy E Smith
|
0-0: Ball 1-0: Ground out 4-3 (Groundball, 4S, EV 86.9 MPH)
|
|
Batting: LHB Steve Carlton
|
0-0: Called Strike 0-1: Ball 1-1: Ground out 4-3 (Groundball, 4, EV 82.5 MPH)
|
|
Batting: SHB Otis Nixon
|
0-0: Called Strike 0-1: Ball 1-1: Ball 2-1: Ground out 6-3 (Groundball, 6, EV 98.8 MPH)
|
| Top of the 4th over - 0 runs, 0 hits, 0 errors, 0 left on base; St. Louis 6 - Cincinnati 2 |
| BOTTOM OF THE 4TH |
|
Cincinnati Reds batting - Pitching for St. Louis Cardinals : LHP Steve Carlton
|
|
Batting: LHB Mike Easler
|
0-0: Called Strike 0-1: Ball 1-1: Foul Ball, location: 2F 1-2: Strikes out swinging
|
|
Batting: RHB Johnny Bench
|
0-0: Called Strike 0-1: Called Strike 0-2: Strikes out swinging
|
|
Batting: LHB Darrell Evans
|
0-0: Swinging Strike 0-1: Foul Ball, location: 2F 0-2: Ball 1-2: Foul Ball, location: 2F 1-2: Foul Ball, location: 2F 1-2: Ball 2-2: Foul Ball, location: 2F 2-2: Ground out 1-3 (Groundball, 15S, EV 73.1 MPH)
|
| Bottom of the 4th over - 0 runs, 0 hits, 0 errors, 0 left on base; St. Louis 6 - Cincinnati 2 |
| TOP OF THE 5TH |
|
St. Louis Cardinals batting - Pitching for Cincinnati Reds : LHP Doug Rau
|
|
Batting: LHB Jim Gantner
|
0-0: Called Strike 0-1: Fly out, F8 (Flyball, 89D, EV 85.0 MPH)
|
|
Batting: RHB Sixto Lezcano
|
0-0: Called Strike 0-1: Swinging Strike 0-2: Ball 1-2: Ball 2-2: Ball 3-2: Fly out, F9 (Flyball, 89D, EV 104.4 MPH)
|
|
Batting: LHB Pat Putnam
|
0-0: SINGLE (Line Drive, 9S, EV 94.4 MPH)
|
|
Pitching: RHP Larry Dierker
|
|
|
Now in RF: Jim Bennett
|
|
|
Batting: RHB Bob Watson
|
0-0: Ball 1-0: Foul Ball, location: 2F 1-1: Ball 2-1: Called Strike 2-2: Foul Ball, location: 2F 2-2: Fly out, F8 (Flyball, 78M, EV 90.0 MPH)
|
| Top of the 5th over - 0 runs, 1 hit, 0 errors, 1 left on base; St. Louis 6 - Cincinnati 2 |
| BOTTOM OF THE 5TH |
|
Cincinnati Reds batting - Pitching for St. Louis Cardinals : LHP Steve Carlton
|
|
Batting: RHB Gary Matthews
|
0-0: Swinging Strike 0-1: Fly out, F6 (Flyball, 56D, EV 94.4 MPH)
|
|
Batting: RHB Bill Melton
|
0-0: Ground out 6-3 (Groundball, 6, EV 99.4 MPH)
|
|
Batting: RHB Jesus Alfaro
|
0-0: Ball 1-0: Called Strike 1-1: Swinging Strike 1-2: Ball 2-2: Foul Ball, location: 2F 2-2: Foul Ball, location: 2F 2-2: Ball 3-2: Fly out, F9 (Flyball, 89M, EV 85.0 MPH)
|
| Bottom of the 5th over - 0 runs, 0 hits, 0 errors, 0 left on base; St. Louis 6 - Cincinnati 2 |
| TOP OF THE 6TH |
|
St. Louis Cardinals batting - Pitching for Cincinnati Reds : RHP Larry Dierker
|
|
Batting: RHB Pascual D'Annunzio
|
0-0: Ball 1-0: Called Strike 1-1: Ball 2-1: Foul Ball, location: 2F 2-2: Fly out, F9 (Flyball, 9LM, EV 108.1 MPH)
|
|
Batting: RHB Joe Torre
|
0-0: Called Strike 0-1: Swinging Strike 0-2: Ball 1-2: SINGLE (Line Drive, 8RS, EV 100.6 MPH)
|
|
Batting: SHB Billy E Smith
|
0-0: Foul Ball, location: 2F 0-1: Called Strike 0-2: Ball 1-2: Ball 2-2: SINGLE (Flyball, 5D, EV 83.1 MPH) Joe Torre to second
|
|
Batting: LHB Steve Carlton
|
0-0: Ball 1-0: Sac Bunt to 3S - play at third, runner OUT! 3-5 Billy E Smith to second
|
|
Batting: SHB Otis Nixon
|
0-0: Foul Ball, location: 2F 0-1: Ball 1-1: Ball 2-1: Ground out 3-1 (Groundball, 34, EV 100.6 MPH)
|
| Top of the 6th over - 0 runs, 2 hits, 0 errors, 2 left on base; St. Louis 6 - Cincinnati 2 |
| BOTTOM OF THE 6TH |
|
Cincinnati Reds batting - Pitching for St. Louis Cardinals : LHP Steve Carlton
|
|
Batting: LHB Jim Bennett
|
0-0: Ball 1-0: SINGLE (Groundball, 4MD, EV 98.1 MPH)
|
|
Batting: RHB Jim Anderson
|
0-0: Ball 1-0: Ball 2-0: Ball 3-0: Swinging Strike 3-1: Foul Ball, location: 2F 3-2: Foul Ball, location: 2F 3-2: Foul Ball, location: 2F 3-2: Strikes out swinging
|
|
Batting: RHB Larry Dierker
|
0-0: Ball 1-0: Sac Bunt to 25 - play at first, batter OUT! 5-4 Jim Bennett to second
|
|
Batting: LHB Mike Easler
|
0-0: Called Strike 0-1: Ball 1-1: Called Strike 1-2: Ball 2-2: Strikes out swinging
|
| Bottom of the 6th over - 0 runs, 1 hit, 0 errors, 1 left on base; St. Louis 6 - Cincinnati 2 |
| TOP OF THE 7TH |
|
St. Louis Cardinals batting - Pitching for Cincinnati Reds : RHP Larry Dierker
|
|
Batting: LHB Jim Gantner
|
0-0: Ball 1-0: Foul Ball, location: 2F 1-1: Called Strike 1-2: Ground out 4-3 (Groundball, 34, EV 91.3 MPH)
|
|
Batting: RHB Sixto Lezcano
|
0-0: Ball 1-0: Ball 2-0: Ball 3-0: Swinging Strike 3-1: Foul Ball, location: 2F 3-2: Foul Ball, location: 2F 3-2: Fly out, F4 (Flyball, 4MD, EV 92.5 MPH)
|
|
Batting: LHB Pat Putnam
|
0-0: Ball 1-0: Fly out, F8 (Flyball, 8RS, EV 85.0 MPH)
|
| Top of the 7th over - 0 runs, 0 hits, 0 errors, 0 left on base; St. Louis 6 - Cincinnati 2 |
| BOTTOM OF THE 7TH |
|
Cincinnati Reds batting - Pitching for St. Louis Cardinals : LHP Steve Carlton
|
|
Batting: RHB Johnny Bench
|
0-0: Ball 1-0: Called Strike 1-1: Ball 2-1: Ball 3-1: Base on Balls
|
|
Batting: LHB Darrell Evans
|
0-0: Ball 1-0: Swinging Strike 1-1: Ball 2-1: Called Strike 2-2: Strikes out swinging
|
|
Batting: RHB Gary Matthews
|
0-0: Ball 1-0: Ball 2-0: Called Strike 2-1: Called Strike 2-2: Strikes out looking
|
|
Batting: RHB Bill Melton
|
0-0: Called Strike 0-1: Called Strike 0-2: Foul Ball, location: 2F 0-2: Ball 1-2: Ground out 2-3 (Groundball, 2R, EV 63.8 MPH)
|
| Bottom of the 7th over - 0 runs, 0 hits, 0 errors, 1 left on base; St. Louis 6 - Cincinnati 2 |
| TOP OF THE 8TH |
|
St. Louis Cardinals batting - Pitching for Cincinnati Reds : RHP Larry Dierker
|
|
Batting: RHB Bob Watson
|
0-0: Ball 1-0: Foul Ball, location: 2F 1-1: Swinging Strike 1-2: Strikes out looking
|
|
Batting: RHB Pascual D'Annunzio
|
0-0: Called Strike 0-1: Fly out, F6 (Line Drive, 6, EV 66.3 MPH)
|
|
Batting: RHB Joe Torre
|
0-0: Called Strike 0-1: Ball 1-1: Swinging Strike 1-2: Fly out, F4 (Flyball, 3D, EV 81.9 MPH)
|
| Top of the 8th over - 0 runs, 0 hits, 0 errors, 0 left on base; St. Louis 6 - Cincinnati 2 |
| BOTTOM OF THE 8TH |
|
Cincinnati Reds batting - Pitching for St. Louis Cardinals : LHP Steve Carlton
|
|
Batting: RHB Jesus Alfaro
|
0-0: Ground out 5-3 (Groundball, 25, EV 81.9 MPH)
|
|
Batting: LHB Jim Bennett
|
0-0: Ball 1-0: SINGLE (Groundball, 6MD, EV 96.3 MPH)
|
|
Batting: RHB Jim Anderson
|
0-0: Ball 1-0: Called Strike 1-1: Foul Ball, location: 2F 1-2: Strikes out swinging
|
|
Pinch Hitting: RHB Marco Mosquera
|
0-0: Called Strike 0-1: Fly out, F6 (Popup, 6, EV 58.8 MPH)
|
| Bottom of the 8th over - 0 runs, 1 hit, 0 errors, 1 left on base; St. Louis 6 - Cincinnati 2 |
| TOP OF THE 9TH |
|
St. Louis Cardinals batting - Pitching for Cincinnati Reds : RHP Larry Dierker
|
|
Pitching: LHP Al Hrabosky
|
|
|
Batting: SHB Billy E Smith
|
0-0: Ball 1-0: Ground out 6-3 (Groundball, P, EV 93.1 MPH)
|
|
Pinch Hitting: RHB Craig Stimac
|
0-0: Foul Ball, location: 2F 0-1: Ball 1-1: Called Strike 1-2: Ground out 6-3 (Groundball, 6, EV 89.4 MPH)
|
|
Batting: SHB Otis Nixon
|
0-0: Ball 1-0: SINGLE (Groundball, 4S, EV 71.9 MPH) (infield hit)
|
|
Batting: LHB Jim Gantner
|
0-0: Ball Otis Nixon steals 2nd base 1-0: Ball 2-0: Foul Ball, location: 2F 2-1: Ball 3-1: Ground out 5-3 (Groundball, 56S, EV 81.3 MPH)
|
| Top of the 9th over - 0 runs, 1 hit, 0 errors, 1 left on base; St. Louis 6 - Cincinnati 2 |
| BOTTOM OF THE 9TH |
|
Cincinnati Reds batting - Pitching for St. Louis Cardinals : LHP Steve Carlton
|
|
Pitching: RHP Larry Andersen
|
|
|
Batting: LHB Mike Easler
|
0-0: Ball 1-0: Foul Ball, location: 2F 1-1: Ball 2-1: SINGLE (Flyball, 4D, EV 88.1 MPH)
|
|
Batting: RHB Johnny Bench
|
0-0: Called Strike 0-1: Ball 1-1: Swinging Strike 1-2: Fly out, F3 (Popup, 3SF, EV 84.4 MPH)
|
|
Batting: LHB Darrell Evans
|
0-0: Grounds into double play, 6-4-3 (Groundball, 6, EV 102.5 MPH)
|
| Bottom of the 9th over - 0 runs, 1 hit, 0 errors, 0 left on base; St. Louis 6 - Cincinnati 2 |
|